 Dungeon Crawl Stone Soup version 0.16-a0-3405-g19dd89a (webtiles) character file.

33558 Minkie the Geomancer (level 13, -1/84 HPs)
             Began as a Gargoyle Earth Elementalist on Dec 30, 2014.
             Was a High Priest of Vehumet.
             Slain by a two-headed ogre
             ... wielding a +0 giant club
              (16 damage)
             ... on level 3 of the Orcish Mines.
             The game lasted 02:10:32 (25578 turns).

Minkie the Geomancer (Gargoyle Earth Elementalist) Turns: 25578, Time: 02:10:32

Health: -1/84      AC: 21    Str: 14    XL:     13   Next: 71%
Magic:  19/31      EV: 20    Int: 21    God:    Vehumet [*****.]
Gold:   2036       SH:  7    Dex: 12    Spells: 5 memorised, 12 levels left

rFire  + . .     SeeInvis .     K - +3 long sword (venom)
rCold  + . .     Clarity  +     O - +0 troll leather armour
rNeg   + . .     SustAb   .     G - +0 buckler
rPois  ∞         Gourm    .     J - +1 hat
rElec  +         Spirit   .     z - +0 cloak
rCorr  .         Warding  .     (no gloves)
rMut   .         Stasis   .     y - +2 pair of boots
MR     .....                    g - amulet of clarity
Stlth  ++........               (no ring)
                                q - +4 ring of evasion

@: very slightly contaminated, not resistant to hostile enchantments, unstealthy
A: antennae 1, large bone plates 1, agile 1, cold resistance 1, fire resistance
1, negative energy resistance 1, electricity resistance, strong 1, unbreathing,
petrification resistance, rot immunity, AC +9
a: Renounce Religion


You were on level 3 of the Orcish Mines.
You worshipped Vehumet.
Vehumet was extremely pleased with you.
You were hungry.

You visited 4 branches of the dungeon, and saw 19 of its levels.

You collected 2036 gold pieces.

Inventory:

Hand weapons
 K - a +3 long sword of venom (weapon)
Missiles
 M - 7 poisoned tomahawks (quivered)
Armour
 y - a +2 pair of boots (worn)
 z - a +0 cloak (worn)
 G - a +0 buckler (worn)
 J - a +1 hat (worn)
 O - a +0 troll leather armour (worn)
Jewellery
 g - an amulet of clarity (around neck)
 q - a +4 ring of evasion (left hand)
 F - an uncursed amulet of resist corrosion {unknown}
Magical devices
 e - a wand of digging (18)
 B - a wand of frost (13)
 E - a wand of cold (8)
 P - a wand of enslavement (7)
Scrolls
 b - 4 scrolls of fog
 i - 4 scrolls of teleportation
 m - 3 scrolls of remove curse
 o - 3 scrolls of enchant armour
 r - a scroll of magic mapping
 s - 2 scrolls of recharging
 w - a scroll of fear
 C - a scroll of blinking
Potions
 j - 6 potions of curing
 l - 2 potions of brilliance
 n - 3 potions of agility
 p - a potion of resistance
 t - a potion of cancellation
 v - 3 potions of haste
 x - 4 potions of heal wounds
 A - 3 potions of magic
 L - a potion of ambrosia
 N - a potion of might {unknown}
Books
 d - a book of Geomancy

   Spells                             Type                      Level
   a - Sandblast                      Earth                        1
   b - Stoneskin                      Transmutation/Earth          2
   c - Passwall                       Transmutation/Earth          3
   d - Stone Arrow                    Conjuration/Earth            3
   e - Petrify                        Transmutation/Earth          4
   f - Lee's Rapid Deconstruction     Earth                        5
Miscellaneous
 c - a fan of gales
Comestibles
 a - 10 bread rations
 f - 10 fruits
 u - 7 meat rations
 H - 11 royal jellies


   Skills:
 + Level 10.8 Fighting
 - Level 5.1 Armour
 + Level 9.8 Dodging
 - Level 2.1 Stealth
 - Level 5.5 Shields
 - Level 10.0 Spellcasting
 - Level 8.0 Conjurations
 - Level 0.7 Transmutations
 - Level 12.1 Earth Magic


You had 12 spell levels left.
You knew the following spells:

 Your Spells              Type           Power        Failure   Level  Hunger
a - Conjure Flame         Conj/Fire      ####....     1%          3    None
b - Stone Arrow           Conj/Erth      ######       1%          3    None
c - Lee's Rapid Deconstr  Erth           ######....   1%          5    ####...
d - Iron Shot             Conj/Erth      ######....   4%          6    ######.
e - Passwall              Trmt/Erth      #####.....   1%          3    None


Dungeon Overview and Level Annotations

Branches:
Dungeon (13/15)            Temple (1/1) D:4            Lair (1/8) D:8
    Orc (4/4) D:9
    Elf: Orc:3-4     Vaults: D:13-14

Altars:
Ashenzari
Cheibriados
Dithmenos
Elyvilon
Fedhas
Gozag
Kikubaaqudgha
Makhleb
Nemelex Xobeh
Okawaru
Qazlal
Ru
Sif Muna
Trog
Vehumet
Xom
Yredelemnul
Zin
The Shining One
Beogh


Innate Abilities, Weirdness & Mutations

You are resistant to torment.
You are immune to poison.
Your stone body is very resilient (AC +9).
You resist negative energy.
You are resistant to electric shocks.
You can survive without breathing.
You are immune to petrification.
You are immune to rotting.
You have a pair of small antennae on your head.
You are partially covered in large bone plates (AC +2, SH +2).
You are agile. (Dex +2)
Your flesh is cold resistant.
Your flesh is heat resistant.
Your muscles are strong. (Str +2)


Message History

Press: ? - help, Shift-Dir - straight line, f - ogre mage
Aim: an ogre mage, wielding a club and wearing a robe The iron shot hits the ogre mage.
The ogre mage is severely wounded.
You are feeling hungry.
The two-headed ogre closely misses you. The two-headed ogre barely misses you.
You block the orc's attack. Something hits you!
The ogre mage gestures at you while chanting.
The crystal spear hits you!
* * * LOW HITPOINT WARNING * * *
Casting: Iron Shot
Confirm with . or Enter, or press ? or * to list all spells.
Aiming: Iron Shot
Press: ? - help, Shift-Dir - straight line, f/p - ogre mage
Aim: an ogre mage, wielding a club and wearing a robe (severely wounded)
You miscast Iron Shot.
You are very lightly contaminated with residual magic.
Nothing appears to happen.
The two-headed ogre barely misses you.
The two-headed ogre hits you with a giant spiked club!
You die...

##..###........#.#.#####.##
##...####......###.....#...#
##.....####.....###......#.##
#........#......#.#.....##.##
................[...###.....#
....###......#......# #.....##
....###...######...## #......#
.....##..)[).###oO.####.....##
##........[[)#.[@O[........##
#.......#....[.{[#.....<##.##
##..>..###.#...##......##...#
##....# ###.[..##.#..####.##
###.## ##..#####.## ### ###
##...# ##.# #...## ### ##.##
###


You could see an ogre mage, a two-headed ogre and an orc.

Vanquished Creatures
  Gastronok (D:8)
  3 hydras
  A centaur warrior (D:9)
  An ogre mage (Orc:3)
  The ghost of aori the Gusty, an experienced HEWz of Ashenzari (D:10)
  2 skeletal warriors (D:13)
  The ghost of miek the Covert, an experienced SpEn (D:8)
  2 hill giants (D:13)
  An orc sorcerer (Orc:2)
  An oklob plant (Orc:1)
  3 orc knights
  5 cyclopes
  5 ugly things (D:13)
  2 manticores
  A red wasp (shapeshifter) (D:13)
  Maurice (D:10)
  Joseph (D:8)
  A gargoyle (D:12)
  A centaur zombie (D:13)
  A komodo dragon (D:8)
  Psyche (D:8)
  A tengu conjurer (D:13)
  7 two-headed ogres
  3 trolls
  Sonja (Orc:3)
  3 ravens (D:13)
  A basilisk (D:13)
  3 wyverns
  A wraith (D:11)
  A shadow (D:11)
  2 deep elf magi (D:13)
  A steam dragon (D:11)
  14 yaks
  A hungry ghost (D:8)
  A hippogriff (D:12)
  A warg (Orc:2)
  Edmund (D:7)
  20 orc warriors
  2 water moccasins
  2 black bears
  An eye of draining (D:6)
  3 sky beasts
  13 ogres
  A phantom (D:9)
  4 ice beasts
  11 centaurs
  2 necrophages
  3 big kobolds
  2 crocodiles
  Blork the orc (D:8)
  11 giant frogs
  2 wyvern zombies
  5 scorpions
  5 killer bees (D:8)
  An electric eel (D:10)
  12 wights
  3 crimson imps
  2 goliath beetles
  A giant frog zombie (D:12)
  22 orc priests
  A quasit (D:11)
  A centaur skeleton (D:7)
  9 jellies
  7 hounds
  5 iguanas
  11 worker ants
  3 giant frog skeletons
  22 orc wizards
  2 killer bee zombies
  Ijyb (D:6)
  A hound zombie (D:6)
  2 hound skeletons
  11 adders
  A gnoll (D:1)
  A river rat (D:8)
  2 shadow imps
  2 giant mites
  2 worms (D:2)
  3 adder skeletons
  An adder zombie (D:9)
  5 giant geckos
  6 oozes
  151 orcs
  16 bats
  4 bat zombies
  9 giant cockroaches
  17 hobgoblins
  15 jackals
  28 kobolds
  7 quokkas
  4 ball pythons
  A giant gecko skeleton (D:4)
  10 giant newts
  26 goblins
  26 rats
  A ballistomycete (D:6)
621 creatures vanquished.

Vanquished Creatures (others)
  An ogre (Orc:4)
  A giant spore (D:6)
  3 plants (D:8)
5 creatures vanquished.

Grand Total: 626 creatures vanquished

Notes
Turn   | Place    | Note
--------------------------------------------------------------
     0 | D:1      | Minkie, the Gargoyle Earth Elementalist, began the quest for the Orb.
     0 | D:1      | Reached XP level 1. HP: 10/10 MP: 3/3
    49 | D:1      | Reached skill level 4 in Earth Magic
   261 | D:1      | Reached XP level 2. HP: 15/15 MP: 0/4
   930 | D:1      | Reached XP level 3. HP: 19/19 MP: 3/6
  1017 | D:1      | Reached skill level 5 in Earth Magic
  1704 | D:2      | Reached XP level 4. HP: 24/24 MP: 2/8
  2192 | D:2      | Found a deep blue altar of Sif Muna.
  2615 | D:3      | Reached XP level 5. HP: 28/28 MP: 7/11
  2715 | D:3      | Found a snail-covered altar of Cheibriados.
  3077 | D:3      | Learned a level 3 spell: Stone Arrow
  3568 | D:3      | Found a glowing golden altar of the Shining One.
  3568 | D:3      | Found a shimmering altar of Xom.
  3689 | D:1      | Found a roughly hewn altar of Beogh.
  3689 | D:1      | Noticed an orc wizard
  3690 | D:1      | Noticed an orc warrior
  3691 | D:1      | Noticed an orc wizard
  3978 | D:4      | Reached skill level 6 in Earth Magic
  3978 | D:4      | Reached XP level 6. HP: 32/32 MP: 11/15
  4070 | D:4      | Reached skill level 7 in Earth Magic
  4176 | D:4      | Noticed a centaur
  4181 | D:4      | HP: 1/32 [centaur/arrow (10)]
  4496 | D:4      | HP: 1/32 [centaur/arrow (10)]
  4497 | D:4      | Killed a centaur
  4829 | D:4      | Reached XP level 7. HP: 36/36 MP: 13/17
  4890 | D:4      | Reached skill level 8 in Earth Magic
  4914 | D:4      | Reached skill level 1 in Conjurations
  5111 | D:4      | Noticed an ogre
  5382 | D:4      | Killed an ogre
  5443 | D:4      | Found a staircase to the Ecumenical Temple.
  5451 | Temple   | Entered the Ecumenical Temple
  5460 | Temple   | Became a worshipper of Vehumet
  5578 | D:4      | Found a bloodstained altar of Trog.
  5586 | D:4      | Learned a level 5 spell: Lee's Rapid Deconstruction
  5827 | D:4      | Found a glowing silver altar of Zin.
  5890 | D:5      | Entered Level 5 of the Dungeon
  5896 | D:5      | Reached skill level 9 in Earth Magic
  6189 | D:5      | Reached XP level 8. HP: 38/41 MP: 11/18
  6404 | D:5      | Reached skill level 10 in Earth Magic
  7146 | D:6      | Acquired Vehumet's first power
  7146 | D:6      | Offered knowledge of Flame Tongue by Vehumet.
  7428 | D:6      | Reached skill level 11 in Earth Magic
  7513 | D:6      | Reached skill level 1 in Fighting
  7587 | D:6      | Noticed a cyclops
  7610 | D:6      | HP: 2/44 [orc warrior/battleaxe (23)]
  7932 | D:6      | Reached XP level 9. HP: 48/50 MP: 9/19
  8223 | D:6      | Reached skill level 1 in Armour
  8297 | D:6      | Gained mutation: Your muscles are strong. (Str +2) [mutagenic meat]
  8298 | D:6      | Gained mutation: You have a pair of small antennae on your head. [mutagenic meat]
  8299 | D:6      | Gained mutation: You are agile. (Dex +2) [mutagenic meat]
  8780 | D:6      | Killed a cyclops
  8780 | D:6      | Reached skill level 5 in Fighting
  8856 | D:6      | Noticed a five-headed hydra
  9211 | D:6      | Noticed Ijyb
  9215 | D:6      | Killed Ijyb
  9367 | D:6      | Killed a five-headed hydra
  9367 | D:6      | Reached skill level 5 in Armour
  9367 | D:6      | Reached XP level 10. HP: 58/60 MP: 6/20
  9561 | D:6      | Offered knowledge of Searing Ray by Vehumet.
  9644 | D:6      | Reached skill level 5 in Dodging
 10520 | D:7      | Found a stormy altar of Qazlal.
 10524 | D:7      | Found a glowing golden altar of the Shining One.
 10725 | D:7      | Noticed Edmund
 10805 | D:7      | Killed Edmund
 10896 | D:7      | Offered knowledge of Throw Flame by Vehumet.
 11456 | D:8      | Acquired Vehumet's second power
 11458 | D:8      | Noticed Gastronok
 12303 | D:8      | Got a warped short sword
 12311 | D:8      | Identified the +3 short sword of Teunnoah {venom, Str-5 Int-4 Stlth+} (You found it on level 8 of the Dungeon)
 12412 | D:8      | Noticed miek's ghost (experienced SpEn)
 12426 | D:8      | Killed miek's ghost
 12426 | D:8      | Offered knowledge of Conjure Flame by Vehumet.
 12532 | D:8      | Killed Gastronok
 12532 | D:8      | Reached XP level 11. HP: 16/71 MP: 2/21
 12887 | D:8      | Noticed Psyche
 12891 | D:8      | Killed Psyche
 13376 | D:8      | Noticed Blork the orc
 13401 | D:8      | Killed Blork the orc
 13788 | D:8      | Found a staircase to the Lair.
 13815 | D:8      | Noticed Joseph
 13820 | D:8      | Killed Joseph
 13820 | D:8      | Reached skill level 10 in Fighting
 14226 | Lair:1   | Entered Level 1 of the Lair of Beasts
 14452 | D:9      | Got an encrusted cloak
 14463 | D:9      | Identified the cursed -1 cloak of Neaxkyun {rElec Str-1} (You found it on level 9 of the Dungeon)
 14526 | D:9      | Found a staircase to the Orcish Mines.
 14813 | D:9      | Learned a level 3 spell: Conjure Flame
 15140 | D:9      | Noticed a centaur warrior
 15148 | D:9      | Killed a centaur warrior
 15246 | D:9      | Acquired Vehumet's third power
 15592 | D:9      | Offered knowledge of Lightning Bolt by Vehumet.
 15647 | D:9      | Reached skill level 5 in Spellcasting
 15706 | D:10     | Entered Level 10 of the Dungeon
 15826 | D:10     | Noticed Maurice
 15833 | D:10     | Killed Maurice
 15946 | D:10     | Noticed aori's ghost (experienced HEWz)
 15969 | D:10     | Killed aori's ghost
 15969 | D:10     | Reached skill level 12 in Earth Magic
 17280 | D:11     | Reached XP level 12. HP: 69/77 MP: 19/26
 17997 | D:11     | Noticed a four-headed hydra
 18006 | D:11     | Killed a four-headed hydra
 18006 | D:11     | Reached skill level 1 in Shields
 19329 | D:12     | Reached skill level 5 in Shields
 19617 | D:12     | Offered knowledge of Iron Shot by Vehumet.
 19627 | D:12     | Learned a level 6 spell: Iron Shot
 20094 | D:13     | Learned a level 3 spell: Passwall
 20537 | D:13     | Gained mutation: You are partially covered in large bone plates (AC +2, SH +2). [mutagenic meat]
 20636 | D:13     | Reached skill level 5 in Conjurations
 20843 | D:13     | Gained mutation: Your flesh is cold resistant. [mutagenic meat]
 20981 | D:13     | Reached XP level 13. HP: 82/82 MP: 19/31
 21175 | D:13     | Reached skill level 10 in Spellcasting
 21242 | D:13     | Gained mutation: Your flesh is heat resistant. [mutagenic meat]
 21295 | D:13     | Noticed a six-headed hydra
 21300 | D:13     | Killed a six-headed hydra
 22171 | Orc:1    | Entered Level 1 of the Orcish Mines
 23862 | Orc:2    | Offered knowledge of Irradiate by Vehumet.
 24377 | Orc:3    | Noticed Sonja
 24383 | Orc:3    | Killed Sonja
 24673 | Orc:3    | Found Janeip's Magic Scroll Shoppe.
 25187 | Orc:4    | Entered Level 4 of the Orcish Mines
 25189 | Orc:4    | Noticed an ettin
 25578 | Orc:3    | Slain by a two-headed ogre

Action                   |  1- 3 |  4- 6 |  7- 9 | 10-12 | 13-15 || total
-------------------------+-------+-------+-------+-------+-------++-------
Melee: Club              |     7 |       |       |       |       ||     7
       Unarmed           |     6 |       |       |       |       ||     6
       Long sword        |     3 |    43 |       |   295 |   385 ||   726
       Rapier            |       |       |    74 |       |       ||    74
       Scimitar          |       |       |    16 |     9 |       ||    25
Throw: Stone             |     1 |       |     1 |       |       ||     2
       Tomahawk          |       |       |       |     1 |       ||     1
 Cast: Sandblast         |    60 |   134 |    50 |     3 |       ||   247
       Stone Arrow       |       |       |   112 |   329 |    90 ||   531
       Lee's Rapid Decon |       |       |     1 |    35 |    20 ||    56
       Iron Shot         |       |       |       |       |    13 ||    13
       Passwall          |       |       |       |       |     2 ||     2
  Use: Scroll            |       |       |       |    25 |     3 ||    28
 Stab: Sleeping          |     1 |       |     2 |     2 |     2 ||     7
  Eat: Chunk             |     3 |    10 |    23 |    56 |    25 ||   117
       Pizza             |       |       |     1 |     2 |       ||     3
       Beef jerky        |       |       |     1 |     2 |       ||     3
